 Dungeon Crawl Stone Soup version 0.23.1-41-g7e51ed3 (webtiles) character file.

Game seed: 12161861141308001296

4634 Borgoz the Protected (level 10, -9/60 HPs)
             Began as a Gargoyle Gladiator on Mar 30, 2019.
             Was a Follower of Ashenzari.
             Mangled by a death yak (21 damage)
             ... on level 8 of the Dungeon.
             The game lasted 00:17:54 (8952 turns).

Borgoz the Protected (Gargoyle Gladiator)           Turns: 8952, Time: 00:17:54

Health: -9/60      AC: 14    Str: 23    XL:     10   Next: 43%
Magic:  11/11      EV: 16    Int:  9    God:    Ashenzari [*.....]
Gold:   243        SH:  0    Dex: 14    Spells: 9/9 levels left

rFire    . . .     SeeInvis .   K - +0 dagger (elec)
rCold    . . .     Gourm    .   (no shield)
rNeg     + + +     Faith    .   y - +2 leather armour of Inference {rN++}
rPois    ∞         Spirit   .   c - +0 helmet
rElec    +         Reflect  .   (no cloak)
rCorr    .         Harm     .   (no gloves)
MR       .....                  (no boots)
Stlth    +++.......             (no amulet)
HPRegen  0.20/turn              (no ring)
MPRegen  0.12/turn              (no ring)

@: mighty, studying Armour
A: negative energy resistance 1, electricity resistance, unbreathing,
petrification resistance, rot immunity, AC +7
a: Curse Item, Scrying, Renounce Religion


You were on level 8 of the Dungeon.
You worshipped Ashenzari.
Ashenzari was aware of your devotion.
You were not hungry.

You visited 2 branches of the dungeon, and saw 9 of its levels.
You also visited: Ossuary.

You collected 663 gold pieces.
You spent 420 gold pieces at shops.

Inventory:

Hand Weapons
 a - a +2 dagger of venom
 b - a +3 short sword of speed
 t - a +1 rapier
 G - a +0 rapier
 K - a +0 dagger of electrocution (weapon)
Missiles
 B - 6 throwing nets (quivered)
Armour
 c - a +0 helmet (worn)
 y - the +2 leather armour of Inference (worn) {rN++}
   (You found it on level 4 of the Dungeon)

   It greatly protects you from negative energy.
 I - a +0 ring mail of positive energy
Wands
 i - a wand of random effects (10)
 j - a wand of acid (7)
 C - a wand of iceblast (16)
 E - a wand of flame (22)
Scrolls
 h - 2 scrolls of teleportation
 k - a scroll of enchant armour {unknown}
 n - 3 scrolls of fog {unknown}
 p - 2 scrolls of noise {unknown}
 q - 7 scrolls of remove curse
 v - a scroll of blinking {unknown}
 w - 4 scrolls of magic mapping {unknown}
 D - a scroll of enchant weapon
 F - a scroll of vulnerability {unknown}
Potions
 d - a potion of agility {unknown}
 e - a potion of might
 g - 3 potions of haste
 l - 2 potions of magic
 o - 3 potions of cancellation
 r - a potion of berserk rage {unknown}
 s - 3 potions of flight
 u - 4 potions of invisibility
 x - 3 potions of brilliance
 z - a potion of resistance {unknown}
 A - 2 potions of lignification
Books
 H - a manual of Armour
Comestibles
 f - 20 rations
 J - 2 chunks of flesh


   Skills:
 + Level 6.1 Fighting
 * Level 7.5 Short Blades
 - Level 1.7 Throwing
 + Level 8.4 Armour
 * Level 6.8 Dodging
 + Level 5.9 Stealth
 + Level 1.7 Evocations


You had 9 spell levels left.
You didn't know any spells.
Your spell library was empty.

Dungeon Overview and Level Annotations

Branches:
Dungeon (8/15)             Temple (1/1) D:4
   Lair: D:8-11

Altars:
Ashenzari
Cheibriados
Dithmenos
Elyvilon
Fedhas
Gozag
Hepliaklqana
Kikubaaqudgha
Makhleb
Nemelex Xobeh
Qazlal
Ru
Sif Muna
Trog
Uskayaw
Vehumet
Wu Jian
Xom
Yredelemnul
Zin
The Shining One

Shops:
D:4 [?*(   D:5 !(   D:6 (%:


Innate Abilities, Weirdness & Mutations

You are resistant to torment.
Your stone body is resilient. (AC +7)
You are immune to poison.
You resist negative energy. (rN+)
You are resistant to electric shocks. (rElec)
You can survive without breathing.
You are immune to petrification.
You are immune to rotting.


Message History

The death yak gores you but does no damage.
You hit the death yak but do no damage.
The death yak is moderately wounded.
The death yak gores you but does no damage.
You hit the death yak.
The death yak is heavily wounded.
You barely miss the death yak.
The death yak is heavily wounded.
The death yak gores you!
You puncture the death yak!
The death yak is heavily wounded.
You hit the death yak.
The death yak is severely wounded.
The iguana hisses menacingly.
The death yak gores you!!
* * * LOW HITPOINT WARNING * * *
You hit the death yak.
The death yak is severely wounded.
The death yak gores you!!
You die...

...# ## # ...# #...# # #.
#..# #>..# #$#. #..#
#...####### ... ..#
#.........#.
#.###o#######...........
#..lyY##..............#.
#..YYYY@................
.......##Y##..............#
....#..
#.#######.........## .#.
#.. ..# #...........
.[....# ###...########
..#.#### #.......# .o.#.
######.#...#.# ......
#.......#.##.#
#......<..##.#


You could see 4 death yaks, 2 yaks, a hornet and an iguana.

Vanquished Creatures
  A death yak (D:8)
  Pikel (D:5)
  Grinder (D:3)
  Sigmund (D:2)
  Eustachio (D:6)
  A yak (D:8)
  A steam dragon (D:7)
  A water moccasin (D:6)
  6 orc warriors
  A necrophage (D:6)
  2 black bears
  3 ogres
  A centaur (D:7)
  A crocodile (D:5)
  2 bullfrogs
  2 scorpions
  6 hounds
  2 bullfrog skeletons
  5 orc priests
  A gnoll shaman (D:7)
  Jessica (D:2)
  2 iguanas (D:6)
  4 orc wizards
  Ijyb (D:4)
  5 worker ants
  A hound skeleton (D:4)
  8 mummies (Ossuary)
  9 gnolls
  7 adders
  3 shadow imps
  2 oozes
  3 adder skeletons (D:4)
  3 worms
  5 dart slugs
  A leopard gecko (D:8)
  30 orcs
  5 bats
  5 giant cockroaches
  A gnoll zombie (Ossuary)
  6 goblins
  16 hobgoblins
  15 jackals
  3 quokkas
  6 ball pythons
  8 frilled lizards
  5 hobgoblin zombies (Ossuary)
  11 kobolds
  A kobold zombie (Ossuary)
  An orc zombie (Ossuary)
  8 rats
216 creatures vanquished.

Vanquished Creatures (others)
  A crimson imp (D:5)
  4 plants (D:5)
5 creatures vanquished.

Grand Total: 221 creatures vanquished

Notes
Turn   | Place    | Note
-------+----------+-------------------------------------------
     0 | D:1      | Borgoz the Gargoyle Gladiator began the quest for the Orb.
     0 | D:1      | Reached XP level 1. HP: 12/12 MP: 1/1
   195 | D:1      | Reached XP level 2. HP: 17/17 MP: 2/2
   385 | D:1      | Reached skill level 1 in Armour
   489 | D:1      | Reached XP level 3. HP: 13/22 MP: 3/3
  1179 | D:2      | Noticed Jessica
  1194 | D:2      | Killed Jessica
  1194 | D:2      | Reached skill level 1 in Stealth
  1194 | D:2      | Reached XP level 4. HP: 7/27 MP: 4/4
  1698 | D:2      | Found an opulent altar of Gozag.
  1725 | D:2      | Noticed Sigmund
  1744 | D:2      | Killed Sigmund
  1744 | D:2      | Reached skill level 2 in Armour
  1744 | D:2      | Reached XP level 5. HP: 19/32 MP: 5/5
  1744 | D:2      | Reached XP level 6. HP: 23/37 MP: 6/6
  2594 | D:3      | Reached skill level 3 in Armour
  2724 | D:3      | Noticed Grinder
  2729 | D:3      | Paralysed by Grinder for 7 turns
  2749 | D:3      | Killed Grinder
  2749 | D:3      | Reached XP level 7. HP: 38/41 MP: 7/7
  3298 | D:4      | Reached skill level 4 in Armour
  3415 | D:4      | Found a sand-covered staircase.
  3433 | Ossuary  | Entered an ossuary
  3687 | D:4      | Found a staircase to the Ecumenical Temple.
  3712 | D:4      | Found Dolu Fooriu's Antique Weapon Emporium.
  3732 | D:4      | Reached XP level 8. HP: 30/48 MP: 8/8
  3740 | D:4      | Got a fine leather armour
  3762 | Temple   | Entered the Ecumenical Temple
  3800 | Temple   | Became a worshipper of Ashenzari the Shackled
  4038 | D:4      | Found Utwurot's Armour Boutique.
  4047 | D:4      | Found Harysigg's Assorted Antiques.
  4058 | D:4      | Identified the +2 leather armour of Inference {rN++} (You
                  | found it on level 4 of the Dungeon)
  4066 | D:4      | Bought a runed short sword for 162 gold pieces
  4066 | D:4      | Bought a viscous inky potion for 24 gold pieces
  4066 | D:4      | Bought a bubbling sapphire potion for 24 gold pieces
  4066 | D:4      | Bought 2 bubbling sapphire potions for 48 gold pieces
  4219 | D:4      | Noticed Ijyb
  4238 | D:4      | Killed Ijyb
  4326 | D:4      | Reached skill level 5 in Short Blades
  4655 | D:4      | Found Hibb's Magic Scroll Boutique.
  4665 | D:4      | Bought a scroll of enchant weapon for 97 gold pieces
  4665 | D:4      | Bought a scroll of identify for 26 gold pieces
  4665 | D:4      | Bought a scroll of remove curse for 39 gold pieces
  4930 | D:5      | Entered Level 5 of the Dungeon
  4936 | D:5      | Found Jennil's Distillery.
  5022 | D:5      | Found Genoge's Antique Weapon Shoppe.
  5062 | D:5      | Noticed Pikel
  5086 | D:5      | Killed Pikel
  5086 | D:5      | Reached skill level 5 in Armour
  5086 | D:5      | Reached skill level 5 in Dodging
  5865 | D:5      | Reached * piety under Ashenzari
  5925 | D:6      | Found Lupt's Food Boutique.
  5939 | D:6      | Found Diacro's Book Shop.
  5959 | D:6      | Found a basalt altar of Yredelemnul.
  5970 | D:6      | Found Dyrit's Antique Weapon Emporium.
  5983 | D:6      | Reached XP level 9. HP: 52/52 MP: 9/9
  6022 | D:6      | Noticed Eustachio
  6047 | D:6      | Killed Eustachio
  6047 | D:6      | Reached skill level 6 in Armour
  6225 | D:6      | Reached skill level 5 in Fighting
  7205 | D:7      | Reached skill level 5 in Stealth
  7206 | D:7      | Reached skill level 7 in Armour
  8011 | D:7      | Reached XP level 10. HP: 59/60 MP: 10/10
  8322 | D:7      | Reached skill level 8 in Armour
  8322 | D:7      | Reached skill level 1 in Evocations
  8904 | D:8      | Noticed a death yak
  8905 | D:8      | Noticed a death yak
  8918 | D:8      | Noticed a death yak
  8924 | D:8      | Noticed a death yak
  8927 | D:8      | Noticed a death yak
  8934 | D:8      | Killed a death yak
  8952 | D:8      | Mangled by a death yak

Skill      XL: |  1  2  3  4  5  6  7  8  9 10 |
---------------+-------------------------------+-----
Short Blades   | 3 4 5 7 |  7.5
Armour         | 1 2 3 4 5 7 8 |  8.4
Dodging        | 3 4 5 6 |  6.8
Stealth        | 1 2 3 4 5 |  5.9
Fighting       | 3 4 5 6 |  6.1
Evocations     | 1 |  1.7
Throwing       | |  1.7

Action                   |  1- 3 |  4- 6 |  7- 9 | 10-12 || total
-------------------------+-------+-------+-------+-------++-------
Melee: Rapier            |   106 |   155 |   155 |       ||   416
       Short sword       |       |       |   145 |       ||   145
       Dagger            |       |       |   360 |   111 ||   471
Throw: Throwing net      |     3 |     2 |     6 |       ||    11
Evoke: Wand              |       |       |     7 |     1 ||     8
  Use: Scroll            |     4 |     4 |     7 |     1 ||    16
       Potion            |     1 |     1 |     7 |     3 ||    12
 Stab: Held in net/web   |       |     2 |     1 |       ||     3
       Sleeping          |       |     1 |     3 |     3 ||     7
       Paralysed         |       |       |     1 |       ||     1
  Eat: Ration            |       |     1 |       |       ||     1
       Chunk             |       |     1 |    19 |     3 ||    23
Armor: Leather armour    |    24 |       |   165 |    36 ||   225
       Ring mail         |    27 |    62 |    81 |       ||   170
Dodge: Dodged            |    85 |    73 |   488 |    60 ||   706
